 Dungeon Crawl Stone Soup version 0.21-a0-509-gecc5317 (webtiles) character file.

8687 KristoblXynda the Carver (level 11, -11/88 HPs)
             Began as a Grey Draconian Gladiator on Nov 29, 2017.
             Was a High Priest of Okawaru.
             Mangled by a two-headed ogre
             ... wielding a +0 giant club
              (23 damage)
             ... on level 10 of the Dungeon.
             The game lasted 00:21:11 (10377 turns).

KristoblXynda the Carver (DrGl)                    Turns: 10377, Time: 00:21:12

Health: -11/88     AC: 15    Str: 22    XL:     11   Next: 13%
Magic:  15/15      EV: 17    Int:  9    God:    Okawaru [*****.]
Gold:   491        SH:  0    Dex: 13    Spells: 10/10 levels left

rFire    . . .     SeeInvis +   G - +2 scimitar (slice)
rCold    . . .     Gourm    .   (no shield)
rNeg     . . .     Faith    .   (armour unavailable)
rPois    .         Spirit   .   b - +0 hat
rElec    .         Reflect  .   C - +0 cloak
rCorr    .         Harm     .   u - +1 pair of gloves
MR       .....                  (no boots)
Stlth    +.........             (no amulet)
HPRegen  0.24/turn              j - +3 ring of strength
MPRegen  0.14/turn              t - ring of see invisible

@: no status effects
A: walk through water, unfitting armour, antennae 1, beak, stinger 1, mutation
resistance 1, unbreathing, cold-blooded, AC +12
a: Heroism, Finesse, Renounce Religion


You were on level 10 of the Dungeon.
You worshipped Okawaru.
Okawaru was extremely pleased with you.
You were not hungry.

You visited 3 branches of the dungeon, and saw 12 of its levels.

You collected 491 gold pieces.

Inventory:

Hand Weapons
 A - a +2 scimitar of flaming
 G - a +2 scimitar of slicing (weapon)
Missiles
 c - 4 throwing nets
 m - 16 javelins (quivered)
Armour
 b - a +0 hat (worn)
 u - a +1 pair of gloves (worn)
 C - a +0 cloak (worn)
Jewellery
 j - a +3 ring of strength (left hand)
 t - a ring of see invisible (right hand)
Wands
 a - a wand of acid (4)
 q - a wand of clouds (9)
 y - a wand of digging (12)
Scrolls
 k - 3 scrolls of teleportation
 l - a scroll of immolation
 p - 4 scrolls of remove curse
 s - a scroll of blinking
 v - 2 scrolls of magic mapping
 E - a scroll of enchant armour
Potions
 e - 2 potions of haste
 g - 2 potions of might
 n - 2 potions of flight
 r - a potion of ambrosia
 w - 2 potions of lignification {unknown}
 x - a potion of curing
 z - 3 potions of heal wounds
 B - a potion of experience {unknown}
 D - a potion of brilliance {unknown}
Books
 F - a Young Poisoner's Handbook

   Spells                             Type                      Level
   a - Sting                          Conjuration/Poison           1
   b - Poisonous Vapours              Poison/Air                   2
   c - Mephitic Cloud                 Conjuration/Poison/Air       3
   d - Olgreb's Toxic Radiance        Poison                       4
   e - Venom Bolt                     Conjuration/Poison           5
Comestibles
 d - 10 bread rations
 f - 4 meat rations
 i - a royal jelly
 H - 7 chunks of flesh


   Skills:
 - Level 5.2 Fighting
 + Level 11.5 Long Blades
 + Level 3.2 Throwing
 + Level 8.5 Dodging
 - Level 0.1 Stealth
 - Level 6.0 Invocations
 + Level 6.1 Evocations


You had 10 spell levels left.
You didn't know any spells.

Dungeon Overview and Level Annotations

Branches:
Dungeon (10/15)            Temple (1/1) D:5            Lair (1/6) D:8
    Orc: D:9-12

Altars:
Ashenzari
Cheibriados
Dithmenos
Elyvilon
Fedhas
Gozag
Hepliaklqana
Kikubaaqudgha
Makhleb
Nemelex Xobeh
Okawaru
Qazlal
Ru
Sif Muna
Trog
Uskayaw
Vehumet
Wu Jian
Xom
Yredelemnul
Zin
The Shining One


Innate Abilities, Weirdness & Mutations

You can walk through water.
Your dull iron-grey scales are very hard. (AC +12)
You cannot fit into any form of body armour.
You can survive without breathing.
You are cold-blooded and may be slowed by cold attacks.
You have a pair of small antennae on your head.
You have a beak for a mouth.
Your tail ends in a poisonous barb.
You are somewhat resistant to further mutation.


Message History

The two-headed ogre hits you with a giant club!
The two-headed ogre hits you with a giant club!!
* * * LOW HITPOINT WARNING * * *
There is an open door here.
The two-headed ogre looks more healthy.
Evoke which item? (* to show all) (? for menu, Esc to quit)
Aiming: Corrosive Bolt
Press: ? - help, Shift-Dir - straight line, f - two-headed ogre
Aim: a two-headed ogre, wielding two giant clubs (heavily wounded)
The bolt of acid hits the two-headed ogre.
The two-headed ogre is splashed with acid.
The two-headed ogre is almost dead.
The bolt of acid hits the hound.
The hound is splashed with acid.
You kill the hound!
Okawaru accepts your kill.
You hit the two-headed ogre. You tail-slap the two-headed ogre.
The two-headed ogre is almost dead.
The two-headed ogre completely misses you.
The two-headed ogre hits you with a giant club!!
You die...

#......########
#.....(.......#
#....##.#####.#
#.#####.#.###
#.......#...# #######....#
###########.##....#
#...........#######
#.........@O'†.#
#...........##.#
#...........##.###########
#...........#.h!.........#
#...........#............#
#############............#
#............#
#.....>......#
#....<.......#


You could see a two-headed ogre.

Vanquished Creatures
  Erica (D:8)
  A two-headed ogre (D:9)
  Pikel (D:5)
  The ghost of melvinkitnick the Grappler, a novice DrMo of Cheibriados (D:4)
  A hippogriff (D:10)
  A shadow (D:10)
  6 yaks (D:10)
  Eustachio (D:5)
  A wyvern (D:10)
  Menkaure (D:5)
  2 wargs (D:8)
  2 water moccasins
  An orc warrior (D:8)
  A hornet zombie (D:9)
  A black bear (D:6)
  A slave (D:5)
  2 ice beasts
  A phantom (D:6)
  4 sky beasts
  10 ogres
  A necrophage (D:7)
  2 centaurs
  2 crocodiles
  A big kobold (D:9)
  6 bullfrogs
  4 scorpions
  11 killer bees
  4 wights (D:6)
  3 howler monkeys
  3 crimson imps
  A bullfrog zombie (D:5)
  2 bullfrog skeletons
  7 hounds
  A jelly (D:5)
  2 orc priests
  8 orc wizards
  Crazy Yiuf (D:7)
  A centaur skeleton (D:6)
  An iguana (D:8)
  4 worker ants
  A hound skeleton (D:7)
  A hound zombie (D:9)
  3 worker ant zombies
  9 adders
  A howler monkey skeleton (D:9)
  An ooze (D:3)
  2 adder skeletons
  An adder zombie (D:5)
  2 worms (D:2)
  3 dart slugs
  4 leopard geckos
  10 orcs
  A bat skeleton (D:2)
  2 bat zombies (D:2)
  8 giant cockroaches
  8 goblins
  8 hobgoblins
  11 jackals
  6 kobolds
  3 quokkas
  7 bats
  8 frilled lizards
  A leopard gecko zombie (D:2)
  A quokka skeleton (D:4)
  3 quokka zombies
  8 rats
218 creatures vanquished.

Vanquished Creatures (others)
  A slave (D:5)
  An orc (D:5)
  A bat (D:2)
3 creatures vanquished.

Grand Total: 221 creatures vanquished

Notes
Turn   | Place    | Note
-------+----------+-------------------------------------------
     0 | D:1      | KristoblXynda the Draconian Gladiator began the quest for the Orb.
     0 | D:1      | Reached XP level 1. HP: 17/17 MP: 1/1
   160 | D:1      | Reached XP level 2. HP: 24/24 MP: 2/2
   945 | D:2      | Found a blossoming altar of Fedhas.
   990 | D:2      | Found a sparkling altar of Nemelex Xobeh.
  1023 | D:2      | Reached XP level 3. HP: 29/29 MP: 3/3
  1453 | D:2      | Reached skill level 4 in Long Blades
  1557 | D:2      | Found an iron altar of Okawaru.
  1573 | D:2      | Became a worshipper of Warmaster Okawaru
  1896 | D:2      | Reached XP level 4. HP: 32/36 MP: 4/4
  1997 | D:2      | Found a radiant altar of Vehumet.
  2172 | D:3      | You fall through a shaft!
  2341 | D:3      | Noticed an ogre
  2352 | D:3      | Killed an ogre
  2352 | D:3      | Reached skill level 1 in Invocations
  2352 | D:3      | Reached XP level 5. HP: 14/41 MP: 4/6
  2668 | D:3      | Reached skill level 5 in Long Blades
  2948 | D:3      | Reached XP level 6. HP: 40/48 MP: 7/7
  3182 | D:4      | Reached * piety under Okawaru
  3383 | D:4      | Noticed melvinkitnick's ghost (novice DrMo)
  3405 | D:4      | Killed melvinkitnick's ghost
  3405 | D:4      | Reached skill level 6 in Long Blades
  3405 | D:4      | Your scales start taking on a dull iron-grey colour.
  3405 | D:4      | Reached XP level 7. HP: 47/55 MP: 7/9
  3405 | D:4      | Gained mutation: You can survive without breathing. [Grey Draconian growth]
  3417 | D:4      | Reached ** piety under Okawaru
  3476 | D:4      | Found a sacrificial altar of Ru.
  3506 | D:4      | Reached skill level 7 in Long Blades
  3818 | D:4      | Found an ancient bone altar of Kikubaaqudgha.
  3866 | D:4      | Reached skill level 5 in Dodging
  3866 | D:4      | Reached XP level 8. HP: 59/61 MP: 11/11
  3953 | D:5      | Entered Level 5 of the Dungeon
  3961 | D:5      | Noticed Eustachio
  3963 | D:5      | Noticed Pikel
  4009 | D:5      | Killed Pikel
  4009 | D:5      | Reached *** piety under Okawaru
  4009 | D:5      | Reached skill level 8 in Long Blades
  4009 | D:5      | Reached skill level 5 in Invocations
  4017 | D:5      | Killed Eustachio
  4429 | D:5      | Noticed Menkaure
  4446 | D:5      | Killed Menkaure
  4671 | D:5      | Reached XP level 9. HP: 54/67 MP: 13/13
  4685 | D:5      | Reached skill level 9 in Long Blades
  4689 | D:5      | Reached **** piety under Okawaru
  4795 | D:5      | Found a staircase to the Ecumenical Temple.
  4800 | Temple   | Entered the Ecumenical Temple
  5102 | D:6      | Reached skill level 1 in Evocations
  5500 | D:6      | Received a gift from Okawaru
  5609 | D:6      | Reached skill level 10 in Long Blades
  6590 | D:7      | Found a burning altar of Makhleb.
  6665 | D:7      | Found a hide-covered altar of Uskayaw.
  6669 | D:7      | Found an opulent altar of Gozag.
  6670 | D:7      | Found a glowing golden altar of the Shining One.
  6679 | D:7      | Received a gift from Okawaru
  6796 | D:7      | Found a runed door.
  6938 | D:7      | You fall through a shaft for 2 floors!
  6985 | D:9      | Reached ***** piety under Okawaru
  7100 | D:8      | Found a bloodstained altar of Trog.
  7309 | D:7      | Found a stormy altar of Qazlal.
  7309 | D:7      | Found a shattered altar of Ashenzari.
  7514 | D:7      | Noticed Crazy Yiuf
  7521 | D:7      | Killed Crazy Yiuf
  7685 | D:8      | Reached XP level 10. HP: 74/74 MP: 14/14
  8142 | D:8      | Found a staircase to the Lair.
  8537 | D:8      | Received a gift from Okawaru
  8544 | D:8      | Gained mutation: Your tail ends in a poisonous barb. [mutagenic meat]
  8545 | D:8      | Gained mutation: You have a pair of small antennae on your head. [mutagenic meat]
  8546 | D:8      | Gained mutation: You are somewhat resistant to further mutation. [mutagenic meat]
  8547 | D:8      | Gained mutation: You have a beak for a mouth. [mutagenic meat]
  8766 | D:8      | Noticed Erica
  8774 | D:8      | Killed Erica
  8774 | D:8      | Reached skill level 11 in Long Blades
  8774 | D:8      | Reached skill level 5 in Evocations
  9296 | Lair:1   | Entered Level 1 of the Lair of Beasts
  9584 | D:9      | Noticed a two-headed ogre
  9593 | D:9      | Killed a two-headed ogre
  9593 | D:9      | Reached skill level 5 in Fighting
  9857 | D:9      | Found a burning altar of Makhleb.
  9857 | D:9      | Noticed an Executioner
  9861 | D:9      | Noticed a smoke demon
  9907 | D:10     | Entered Level 10 of the Dungeon
  9924 | D:10     | Noticed a two-headed ogre
 10226 | D:10     | Reached XP level 11. HP: 82/88 MP: 15/15
 10355 | D:10     | Noticed a two-headed ogre
 10377 | D:10     | Mangled by a two-headed ogre

Vault maps used:
D:1:      sevenhm_arrival_forest_fort_small_3
D:2:      lemuel_round_altar, lemuel_round_altar,
          nicolae_overflow_crystal_walls, okawaru_trees_1, serial_undead,
          serial_undead_b, serial_undead_a, serial_undead_e, serial_undead_a
D:4:      kiku_gazebo_garden_becter, first_bread,
          nicolae_ru_great_annihilating_truth
D:5:      minmay_temple_entry_statues_pillars, uniq_eustachio, uniq_menkaure,
          uniq_pikel
D:6:      serial_bayou_pond_c, minmay_misc_feat_tiny, st_stairs_8,
          minmay_misc_feat_pillars
D:7:      lemuel_round_altar, grunt_temple_overflow_open,
          gammafunk_temple_overflow_elements, uniq_crazy_yiuf_cottage
D:8:      erik_lair_orcish_takeover, basic_altar, uniq_erica
D:9:      grunt_ogre_cave, makhleb_altar_promises_db
Temple:   zaba_magenta_temple

Skill      XL: |  1  2  3  4  5  6  7  8  9 10 11 |
---------------+----------------------------------+-----
Throwing       | 2 3 |  3.2
Dodging        | 3 4 5 6 7 8 |  8.5
Long Blades    | 4 5 6 7 8 10 11 | 11.5
Invocations    | 1 2 3 4 5 6 |  6.0
Evocations     | 3 5 6 |  6.1
Fighting       | 5 |  5.2
Stealth        | |  0.1

Action                   |  1- 3 |  4- 6 |  7- 9 | 10-12 || total
-------------------------+-------+-------+-------+-------++-------
Melee: Long sword        |    98 |   129 |   376 |   112 ||   715
       Tailslap          |    17 |    23 |    72 |    46 ||   158
       Punch             |       |     1 |     1 |       ||     2
       Scimitar          |       |       |       |   122 ||   122
       Peck              |       |       |       |    29 ||    29
Throw: Javelin           |     2 |    10 |     4 |    26 ||    42
       Throwing net      |       |       |       |     1 ||     1
Invok: Heroism           |       |     1 |       |       ||     1
Evoke: Wand              |       |       |       |     3 ||     3
  Use: Potion            |       |     3 |     2 |     2 ||     7
       Scroll            |       |     2 |    12 |     3 ||    17
 Stab: Sleeping          |     1 |     2 |       |       ||     3
  Eat: Chunk             |     3 |     4 |     8 |    11 ||    26
       Fruit             |       |     1 |     6 |     1 ||     8
       Royal jelly       |       |       |     1 |     1 ||     2
Armor: Skin              |    41 |    45 |   115 |    61 ||   262
Dodge: Dodged            |   105 |   115 |   290 |   157 ||   667
       Rpst.: Long sword |    27 |    40 |    93 |    27 ||   187
       Scimitar          |       |       |       |    16 ||    16

Table legend:
 A = Spawn XP
 B = Non-spawn XP
 C = Spawn XP percentage of total XP
 D = Spawn monster count
 E = Non-spawn monster count
 F = Spawn count percentage of total count
 G = Total turns spent on level
                    A         B        C        D         E        F      G
               +---------+---------+-------+---------+---------+-------+---------
         Total |       0 |   12411 |   0.0 |       0 |     218 |   0.0 | 10377
               +---------+---------+-------+---------+---------+-------+---------
           D:1 |       0 |      17 |   0.0 |       0 |       9 |   0.0 |   632
           D:2 |       0 |     107 |   0.0 |       0 |      33 |   0.0 |  1434
           D:3 |       0 |     256 |   0.0 |       0 |      25 |   0.0 |  1038
           D:4 |       0 |    1074 |   0.0 |       0 |      30 |   0.0 |   849
           D:5 |       0 |    1608 |   0.0 |       0 |      19 |   0.0 |  1053
           D:6 |       0 |    1344 |   0.0 |       0 |      28 |   0.0 |  1155
           D:7 |       0 |     735 |   0.0 |       0 |      10 |   0.0 |  1101
           D:8 |       0 |    3155 |   0.0 |       0 |      33 |   0.0 |  1851
           D:9 |       0 |    1813 |   0.0 |       0 |      16 |   0.0 |   713
          D:10 |       0 |    2302 |   0.0 |       0 |      15 |   0.0 |   470
               +---------+---------+-------+---------+---------+-------+---------
